 Dungeon Crawl Stone Soup version 0.20-a0-435-gf4ea4dd (webtiles) character file.

73 TheHaremKing the Skirmisher (level 4, -3/41 HPs)
             Began as a Minotaur Berserker on Jan 5, 2017.
             Was a Follower of Trog.
             Slain by Sigmund
             ... wielding a +0 scythe
              (4 damage)
             ... on level 2 of the Dungeon.
             The game lasted 00:05:11 (1220 turns).

TheHaremKing the Skirmisher (Minotaur Berserker)    Turns: 1220, Time: 00:05:12

Health: -3/41      AC:  9    Str: 21    XL:     4   Next: 8%
Magic:  3/3        EV: 11    Int:  4    God:    Trog [*.....]
Gold:   91         SH:  0    Dex: 11    Spells: 3/3 levels left

rFire  . . .     SeeInvis .     a - +0 hand axe
rCold  . . .     Gourm    .     l - +0 chain mail
rNeg   . . .     Faith    .     (no shield)
rPois  .         Spirit   .     (helmet restricted)
rElec  .         Reflect  .     (no cloak)
rCorr  .         Harm     .     (no gloves)
MR     .....                    (no boots)
Stlth  ..........               (no amulet)
                                (no ring)
                                k - +3 ring of evasion

@: exhausted, slowed, very slow
A: retaliatory headbutt, horns 2
a: Berserk, Burn Spellbooks, Renounce Religion


You were on level 2 of the Dungeon.
You worshipped Trog.
Trog was aware of your devotion.
You were very hungry.

You visited 1 branch of the dungeon, and saw 2 of its levels.

You collected 91 gold pieces.

Inventory:

Hand Weapons
 a - a +0 hand axe (weapon)
Armour
 l - a +0 chain mail (worn)
Jewellery
 k - a +3 ring of evasion (left hand)
 m - an uncursed amulet of harm {unknown}
Wands
 f - a wand of polymorph (14/24)
Scrolls
 b - a scroll of fear {unknown}
 d - 4 scrolls of identify
 e - 2 scrolls of enchant armour {unknown}
 i - a scroll of teleportation {unknown}
 j - a scroll of amnesia {unknown}
 p - 3 scrolls of magic mapping {unknown}
 q - a scroll of fog {unknown}
Potions
 h - a potion of brilliance {unknown}
Comestibles
 c - a bread ration
 g - 2 beef jerkies
 n - a meat ration
 o - 5 chunks of flesh


   Skills:
 + Level 4.3 Fighting
 * Level 4.3 Axes
 + Level 3.5 Armour
 + Level 2.7 Dodging


You had 3 spell levels left.
You didn't know any spells.

Dungeon Overview and Level Annotations

Branches:
Dungeon (2/15)

Altars:

Annotations:
D:2 Sigmund


Innate Abilities, Weirdness & Mutations

You reflexively headbutt those who attack you in melee.
You have a pair of horns on your head.


Message History

A puff of flame appears from out of thin air!
The puff of flame hits you!
You hear some strange, mumbled words.
A puff of flame appears from out of thin air!
The puff of flame hits you!
You swing at nothing.
Something hits you but does no damage.
You swing at nothing.
Something hits you.
* * * LOW HITPOINT WARNING * * *
You swing at nothing.
Something hits you.
* * * LOW HITPOINT WARNING * * *
You swing at nothing.
Something hits you but does no damage.
You swing at nothing.
Something hits you but does no damage. Something hits you.
* * * LOW HITPOINT WARNING * * *
You swing at nothing.
Something hits you but does no damage.
You swing at nothing.
Something hits you.
* * * LOW HITPOINT WARNING * * *
You swing at nothing.
Something hits you but does no damage.
You swing at nothing.
Something hits you.
You die...

#..# #.####.###
#..###.####.#
#.........#.# #
#.####.##.#.#
#..#.##.####.##.#.#
#
...................
. ##..#.##.####.##.
.. ....#.##.####.##
.......@.....(.?
###.#.##.####### #
#†{...... ###
......... ...
##........ ##
#........ #........
. #...!.... ( .
#........ ...


There were no monsters in sight!

Vanquished Creatures
  Jessica (D:2)
  An adder (D:2)
  An ooze (D:1)
  A worm (D:2)
  A dart slug (D:2)
  3 giant cockroaches (D:1)
  2 goblins (D:1)
  5 hobgoblins
  2 quokkas (D:2)
  A bat (D:2)
  2 frilled lizards (D:2)
  6 kobolds
  3 rats (D:1)
29 creatures vanquished.

Notes
Turn   | Place    | Note
-------+----------+-------------------------------------------
     0 | D:1      | TheHaremKing the Minotaur Berserker began the quest for the Orb.
     0 | D:1      | Reached XP level 1. HP: 19/19 MP: 0/0
   372 | D:1      | Reached XP level 2. HP: 23/27 MP: 1/1
   928 | D:2      | Reached XP level 3. HP: 33/33 MP: 2/2
   994 | D:2      | Noticed Jessica
   998 | D:2      | Killed Jessica
  1159 | D:2      | Reached XP level 4. HP: 40/40 MP: 3/3
  1194 | D:2      | Noticed Sigmund
  1218 | D:2      | HP: 1/41 [something (4)]
  1220 | D:2      | Slain by Sigmund

Vault maps used:
D:1:      wheals_arrival_linesprint, dk_noncrumbling_3
D:2:      chequers_ecumenical_altar_twisty, uniq_iyjb, uniq_jessica,
          uniq_sigmund

Skill      XL: |  1  2 |
---------------+-------+-----
Fighting       | 4 |  4.3
Axes           | 4 |  4.3
Armour         | 3 |  3.5
Dodging        | |  2.7

Action                   |  1- 3 |  4- 6 || total
-------------------------+-------+-------++-------
Melee: Hand axe          |    70 |     9 ||    79
       Headbutt          |    14 |     3 ||    17
Invok: Berserk           |       |     1 ||     1
  Use: Scroll            |     1 |       ||     1
  Eat: Chunk             |     1 |       ||     1
Armor: Animal skin       |     5 |       ||     5
       Chain mail        |     7 |     8 ||    15
Dodge: Dodged            |    37 |     2 ||    39
